AoeStats
← damiansima

Oasis

510188158Analyzed
4v4 RM · 2d ago on Sep 29, 2026· 25m 8s· 8 players
Game mode
Random Map
Map size
Large (8 player)
Population
200
Speed
Normal
Resources
Standard
Victory
Conquest
Starting age
Dark Age
Ending age
Imperial Age
RankedLock teamsTeams togetherTeam positionsShared explorationLock speedFull tech treeHidden civsTurbo modeCheats
Victory
Defeat
🇦🇷 Celts · Argentina
1149
+15
🇩🇪 Malay · Germany
1138
+15
🇦🇷 Armenians · Argentina
1133
+15
🇺🇸 Chinese · United States
1104
+16
🇫🇷 Magyars · France
1231
-20
🇫🇷 Teutons · France
1139
-16
🇫🇷 Gurjaras · France
1083
-14
🇫🇷 Persians · France
1014
-11
moreTuuunes
0:25 Loom
10:36 Feudal Age
11:16 Double-Bit Axe
18:47 Fletching
26:13 Castle Age
25:22 Horse Collar
Panzarx
4:00 Loom
11:45 Feudal Age
11:45 Double-Bit Axe
12:40 Horse Collar
15:12 Padded Archer Armor
16:22 Fletching
18:34 Wheelbarrow
18:30 Gold Mining
22:56 Castle Age
21:58 Crossbowman
22:46 Thumb Ring
22:37 Bodkin Arrow
23:49 Bow Saw
25:37 Leather Archer Armor
25:44 Heavy Plow
damiansima
9:37 Feudal Age
10:25 Double-Bit Axe
10:30 Loom
11:15 Horse Collar
15:58 Forging
17:41 Scale Barding Armor
22:35 Castle Age
20:58 Scale Mail Armor
20:58 Gold Mining
21:01 Arson
22:18 Bloodlines
21:57 Pikeman
23:51 Chain Barding Armor
24:07 Squires
24:23 Chain Mail Armor
24:43 Light Cavalry
25:24 Husbandry
MERA_elBalma
12:00 Feudal Age
15:54 Castle Age
15:46 Loom
15:58 Double-Bit Axe
17:59 Gold Mining
Glurb
4:15 Loom
10:20 Feudal Age
11:41 Horse Collar
11:49 Double-Bit Axe
17:50 Fletching
19:19 Wheelbarrow
18:51 Padded Archer Armor
Quetzalcoatl
9:34 Loom
12:01 Feudal Age
15:45 Castle Age
13:50 Double-Bit Axe
18:00 Bow Saw
17:34 Horse Collar
21:23 Forging
21:40 Scale Barding Armor
22:39 Husbandry
24:15 Iron Casting
23:55 Bloodlines
25:17 Gold Mining
Nowe
10:39 Feudal Age
10:36 Loom
14:33 Castle Age
13:09 Double-Bit Axe
13:07 Horse Collar
20:25 Scale Barding Armor
21:55 Chain Barding Armor
24:40 Bloodlines
Jean de Carrouges
6:51 Loom
9:56 Feudal Age
10:22 Double-Bit Axe
17:18 Scale Barding Armor
18:03 Forging
19:43 Gold Mining
19:35 Horse Collar
22:56 Castle Age
Connection lost

Rejoining the realm…

Still unreachable

The connection could not be restored.

Session expired

The server has moved on; the page needs a fresh start.